Kradschützen Motorcycle Team
Selects Battlefield Espionage Battlegroup
Construct Light Support Kompanie
Selects Intel Disruption Beacon
Selects Intel Disruption Beacon
le.IG 18 Support Gun Team
le.IG 18 Mechanized Group
Pak 38 Anti-tank Gun Team
Construct Panzerarmee Kommand
Flak 36 Anti-tank Gun Team
Selects 250/3 Funkpanzerwagen
Selects 250/3 Funkpanzerwagen
Selects Anti-Tank Incendiary Munitions
Selects Operation Skorpion
Construct Mechanized Kompanie